 Dungeon Crawl Stone Soup version 0.30-a0-381-g6ea064c7b4 (webtiles) character file.

Game seed: 13605768405316932628

1143 funkygono the Magician (level 8, -1/53 HPs)
             Began as a Demonspawn Fire Elementalist on Dec 1, 2022.
             Killed from afar by Maggie (21 damage)
             ... with a bolt of fire
             ... on level 6 of the Dungeon.
             The game lasted 00:08:30 (5890 turns).

funkygono the Magician (DsFE)                       Turns: 5890, Time: 00:08:31

Health: -1/53      AC:  6    Str:  8    XL:     8   Next: 15%
Magic:  15/16      EV: 12    Int: 18    God:
Gold:   152        SH:  0    Dex: 15    Spells: 3/18 levels left

rFire   . . .      SeeInvis .    t - +3 whip (elec)
rCold   . . .      Faith    .    (no shield)
rNeg    . . .      Spirit   .    a - +0 robe
rPois   .          Reflect  .    (helmet restricted)
rElec   .          Harm     .    p - +2 cloak
rCorr   .          Rampage  .    d - +0 pair of gloves
Will    .....                    (no boots)
Stlth   ++........               (no amulet)
HPRegen 0.28/turn                (no ring)
MPRegen 0.15/turn                (no ring)

@: no status effects
A: antennae 1, claws 1, hooves 1, ignite blood 1
a: no special abilities


You were on level 6 of the Dungeon.
You visited 1 branch of the dungeon, and saw 6 of its levels.

You collected 152 gold pieces.

Inventory:

Hand Weapons
 f - a +1 vampiric whip
 t - a +3 whip of electrocution (weapon)
Armour
 a - a +0 robe (worn)
 d - a +0 pair of gloves (worn)
 p - a +2 cloak (worn)
Magical Staves
 e - a staff of fire
Jewellery
 r - a ring of willpower
Wands
 n - a wand of acid (10)
Scrolls
 c - 4 scrolls of teleportation
 m - a scroll of silence
Potions
 b - a potion of magic
 g - 2 potions of haste
 h - a potion of curing {unknown}
 i - 2 potions of mutation
 k - a potion of cancellation {unknown}
 l - 3 potions of heal wounds
 o - a potion of flight {unknown}
 s - a potion of attraction {unknown}


   Skills:
 + Level 0.4 Fighting
 + Level 0.3 Maces & Flails
 + Level 2.2 Dodging
 - Level 1.7 Stealth
 + Level 5.9 Spellcasting
 + Level 3.8 Conjurations
 + Level 0.8 Transmutations
 + Level 5.8 Fire Magic
 + Level 0.8 Poison Magic


You had 3 spell levels left.
You knew the following spells:

 Your Spells              Type           Power      Damage    Failure   Level
a - Foxfire               Conj/Fire      88%        2x1d8     1%          1
b - Scorch                Fire           52%        2d8       1%          2
c - Kindle Blastsparks    Fire/Tloc/Air  24%        2d12      16%         3
d - Flame Wave            Conj/Fire      22%        2d8       16%         4
e - Sting                 Tmut/Pois      32%        1d4       9%          1
f - Olgreb's Toxic Radia  Pois           8%         N/A       63%         4

Your spell library contained the following spells:

 Spells                   Type           Power      Damage    Failure   Level
 Inner Flame              Hex/Fire       15%        N/A       11%         3
 Necrotise                Necr           20%        1d5       12%         1
 Poisonous Vapours        Pois/Air       12%        N/A       16%         2
 Vampiric Draining        Necr           5%         2d6       36%         3
 Agony                    Necr           5%         N/A       98%         5


Dungeon Overview and Level Annotations

Branches:
Dungeon (6/15)
 Temple: D:4-7

Altars:
Okawaru

Annotations:
D:6 Maggie, Prince Ribbit


Innate Abilities, Weirdness & Mutations

You have a pair of small antennae on your head.
You have sharp fingernails.
You have large cloven feet.
Your demonic aura sometimes causes spilled blood to erupt in flames.


Message History

Maggie gives herself a magical halo, but it quickly sputters out.
Prince Ribbit catches a blue-tailed skink with his tongue.
The black bear goes berserk!
Maggie closely misses you.
You climb upwards.
There is a stone staircase leading down, spattered with blood here.
Casting: Sting (safe; 10% risk of failure)
Confirm with . or Enter, or press ? or * to list all spells.
You conjure some foxfire!
The black bear closely misses you. x2
The black bear barely misses you.
Casting: Foxfire (safe; 1% risk of failure)
Confirm with . or Enter, or press ? or * to list all spells.
Flames lash the black bear.
The black bear is almost dead.
The black bear's fire resistance burns away.
The foxfire hits the black bear!
The black bear is burned terribly!
You kill the black bear!
Your foxfire dissipates!
HP restored.
Magic restored.
Done exploring.
You climb downwards.
Level annotation: Maggie, Prince Ribbit Maggie mumbles some strange words.
Maggie attempts to bespell you! You resist.
There is a stone staircase leading up, spattered with blood here.
Casting: Scorch (safe; 1% risk of failure)
Confirm with . or Enter, or press ? or * to list all spells.
Aiming: Sting (safe; 9% risk of failure)
Press: ? - help, Shift-Dir - straight line, f - Maggie
Aim: Maggie, wielding a +1 vorpal halberd, wearing +0 swamp dragon scales and carrying a wand of charming (4) (72% to hit)
The sting hits Maggie.
Maggie partially resists.
Maggie is lightly wounded.
Prince Ribbit hits you!
A steam dragon comes into view.
Maggie hits you with a +1 vorpal halberd!
Prince Ribbit hits you.
Prince Ribbit hits you but does no damage.
Maggie points at you and mumbles some strange words.
The bolt of fire hits you!!
You die...

.. .<. #..##..#
##.......###
#..........#
.....#..#.. ###
......#....##....
.........[รท......
... #...@.......
.... #..F@#...#..
.....#....# ###
........[##
.#####....# #.!.##
..D.## .......
...).....


You could see Maggie, Prince Ribbit and a steam dragon (wandering).

Vanquished Creatures
  A steam dragon (D:5)
  Menkaure (D:4)
  A black bear (D:5)
  3 ogres
  2 necrophages (D:6)
  2 howler monkeys (D:4)
  An orc priest (D:6)
  A jelly (D:4)
  2 orc wizards
  An iguana (D:5)
  8 gnolls
  5 adders
  An ufetubus (D:5)
  3 worms
  6 orcs
  4 ball pythons
  3 endoplasms
  5 giant cockroaches
  8 hobgoblins
  8 jackals (D:2)
  6 kobolds
  5 quokkas
  7 bats
  6 goblins
  5 rats
95 creatures vanquished.

Vanquished Creatures (others)
  290 foxfires
290 creatures vanquished.

Grand Total: 385 creatures vanquished

Notes
Turn   | Place    | Note
-------+----------+-------------------------------------------
     0 | D:1      | funkygono the Demonspawn Fire Elementalist began the quest
                  | for the Orb.
     0 | D:1      | Reached XP level 1. HP: 13/13 MP: 3/3
   252 | D:1      | Discovered your monstrous ancestry.
   252 | D:1      | Gained mutation: You have sharp fingernails. [demonic
                  | ancestry]
   252 | D:1      | Reached XP level 2. HP: 19/19 MP: 1/5
   255 | D:1      | Learned a level 2 spell: Scorch
   668 | D:1      | Reached XP level 3. HP: 24/24 MP: 1/6
  1942 | D:2      | Gained mutation: You have a pair of small antennae on your
                  | head. [demonic ancestry]
  1942 | D:2      | Reached XP level 4. HP: 30/30 MP: 4/8
  2046 | D:2      | Learned a level 3 spell: Kindle Blastsparks
  3218 | D:3      | Noticed an ogre
  3224 | D:3      | Killed an ogre
  3225 | D:3      | Reached XP level 5. HP: 35/35 MP: 1/10
  3347 | D:3      | Learned a level 4 spell: Flame Wave
  3349 | D:3      | Learned a level 1 spell: Sting
  3426 | D:4      | Noticed an ogre
  3431 | D:4      | Killed an ogre
  3432 | D:4      | Gained mutation: Your demonic aura sometimes causes spilled
                  | blood to erupt in flames. [demonic ancestry]
  3432 | D:4      | Reached XP level 6. HP: 41/41 MP: 4/12
  3976 | D:4      | Noticed Menkaure
  3984 | D:4      | Killed Menkaure
  3985 | D:4      | Reached skill level 5 in Fire Magic
  3985 | D:4      | Reached XP level 7. HP: 27/46 MP: 5/14
  4439 | D:4      | Found an iron altar of Okawaru.
  4774 | D:4      | Learned a level 4 spell: Olgreb's Toxic Radiance
  4797 | D:5      | Entered Level 5 of the Dungeon
  4936 | D:5      | Reached skill level 5 in Spellcasting
  5064 | D:5      | Noticed a steam dragon
  5075 | D:5      | Killed a steam dragon
  5724 | D:5      | Gained mutation: You have large cloven feet. [demonic
                  | ancestry]
  5724 | D:5      | Reached XP level 8. HP: 49/53 MP: 10/16
  5811 | D:6      | Noticed Maggie
  5825 | D:6      | Noticed Prince Ribbit
  5890 | D:6      | Killed from afar by Maggie

Illustrated notes

Levels and vault maps discovered:
D:1:      co_arrival_square_in_a_square_in_a_square, layout_basic,
          minmay_pentomino_u2
D:2:      layout_loops_ring
D:3:      layout_loops_corners
D:4:      layout_loops_cross, mainiacjoe_overflow_alcove_1, uniq_menkaure
D:5:      layout_basic, grunt_decor_arrowhead
D:6:      layout_cave_pools, uniq_prince_ribbit1, uniq_maggie, uniq_pikel

Skill      XL: |  1  2  3  4  5  6  7 |
---------------+----------------------+-----
Fire Magic     | 3 4 5 |  5.8
Dodging        | 2 |  2.2
Spellcasting   | 3 4 5 |  5.9
Conjurations   | 2 3 |  3.8
Fighting       | |  0.4
Maces & Flails | |  0.3
Stealth        | |  1.7
Transmutations | |  0.8
Poison Magic   | |  0.8

Action                   |  1- 3 |  4- 6 |  7- 9 || total
-------------------------+-------+-------+-------++-------
Melee: Whip              |     3 |     1 |     3 ||     7
 Cast: Foxfire           |    58 |    70 |    43 ||   171
       Scorch            |     7 |    16 |    16 ||    39
       Sting             |       |       |    18 ||    18
  Use: Scroll            |       |     7 |     6 ||    13
Armor: Robe              |    14 |    10 |    10 ||    34
Dodge: Dodged            |    23 |    19 |    20 ||    62

Table legend: (Time is in decaauts)
 A = Elapsed time spent in this place.
 B = Non-inter-level travel time spent in this place.
 C = Inter-level travel time spent in this place.
 D = Time resting spent in this place.
 E = Time spent auto-exploring this place.
 F = Levels seen in this place.
 G = Mean time per level.
                   A        B        C        D        E       F      G
               +--------+--------+--------+--------+--------+-----+--------+
         Total |   5891 |   5735 |    156 |    174 |   4765 |   6 |  981.8 |
       Dungeon |   5891 |   5735 |    156 |    174 |   4765 |   6 |  981.8 |
               +--------+--------+--------+--------+--------+-----+--------+

Top non-repeatable levels by time:
     D:4: 1382 daAuts
     D:3: 1320 daAuts
     D:2: 1090 daAuts
     D:1: 1002 daAuts
     D:5: 890 daAuts
     D:6: 205 daAuts
